 Dungeon Crawl Stone Soup version 0.27-a0-341-g40fdf68bc5 (webtiles) character file.

Game seed: 2660957366068195527

15 EnegeticOcto the Chiller (level 2, 0/17 HPs)
             Began as a Halfling Ice Elementalist on Feb 14, 2021.
             Slain by a hobgoblin
             ... wielding a +0 club
              (3 damage)
             ... on level 2 of the Dungeon.
             The game lasted 00:01:25 (210 turns).

EnegeticOcto the Chiller (Halfling Ice Elementalist) Turns: 210, Time: 00:01:25

Health: 0/17       AC:  3    Str:  9    XL:     2   Next: 65%
Magic:  1/4        EV: 15    Int: 13    God:
Gold:   18         SH:  0    Dex: 14    Spells: 3/4 levels left

rFire    . . .     SeeInvis .   c - +0 hand axe
rCold    . . .     Faith    .   (shield restricted)
rNeg     . . .     Spirit   .   a - +0 robe
rPois    .         Reflect  .   (no helmet)
rElec    .         Harm     .   d - +0 cloak
rCorr    .         Rampage  .   (no gloves)
Will     .....                  (no boots)
Stlth    ++........             (no amulet)
HPRegen  0.05/turn              (no ring)
MPRegen  0.09/turn              (no ring)

@: no status effects
A: small, mutation resistance 1
a: no special abilities


You were on level 2 of the Dungeon.
You visited 1 branch of the dungeon, and saw 3 of its levels.

You collected 18 gold pieces.

Inventory:

Hand Weapons
 b - a +0 hunting sling
   (You found it on level 1 of the Dungeon)
 c - a +0 hand axe (weapon)
   (You found it on level 1 of the Dungeon)
Missiles
 h - 8 poisoned darts
Armour
 a - a +0 robe (worn)
 d - a +0 cloak (worn)
   (You found it on level 1 of the Dungeon)
Scrolls
 e - a scroll of random uselessness {unknown}
 f - a scroll of blinking {unknown}
Potions
 g - 2 potions of curing {unknown}


   Skills:
 - Level 2.1 Dodging
 - Level 2.1 Stealth
 - Level 1.5 Spellcasting
 + Level 4.6 Ice Magic


You had 3 spell levels left.
You knew the following spells:

 Your Spells              Type           Power        Failure   Level
a - Freeze                Ice            52%          4%          1

Your spell library contained the following spells:

 Spells                   Type           Power        Failure   Level
 Frozen Ramparts          Ice            26%          12%         3
 Ozocubu's Armour         Ice            13%          12%         3
 Hailstorm                Conj/Ice       7%           71%         4
 Summon Ice Beast         Ice/Summ       7%           71%         4


Dungeon Overview and Level Annotations

Branches:
Dungeon (3/15)

Altars:


Innate Abilities, Weirdness & Mutations

You are small and have problems with some larger weapons.
You are somewhat resistant to further mutation.


Message History

The kobold hits you but does no damage. The orc hits you.
You barely miss the orc. You hit the kobold but do no damage.
The kobold hits you. The orc misses you.
You barely miss the orc. You barely miss the kobold. The kobold hits you.
* * * LOW HITPOINT WARNING * * *
The orc hits you but does no damage.
You hit the orc.
The orc is severely wounded.
You closely miss the kobold. The kobold closely misses you.
The orc hits you but does no damage. The kobold misses you.
You closely miss the orc.
The orc is severely wounded.
You closely miss the kobold. The orc closely misses you.
The kobold closely misses you. The orc hits you.
* * * LOW HITPOINT WARNING * * *
Casting: Freeze (safe; 4% risk of failure)
Confirm with . or Enter, or press ? or * to list all spells.
Aiming: Freeze (safe; 4% risk of failure)
Press: ? - help, Shift-Dir - straight line, f/p - kobold
Aim: a kobold, quivering poisoned darts (moderately wounded)
You freeze the kobold.
The kobold is severely wounded.
The kobold misses you. The orc misses you.
Casting: Freeze (safe; 4% risk of failure)
Confirm with . or Enter, or press ? or * to list all spells.
Aiming: Freeze (safe; 4% risk of failure)
Press: ? - help, Shift-Dir - straight line, f/p - kobold
Aim: a kobold, quivering poisoned darts (severely wounded)
You freeze the kobold.
You kill the kobold!
The orc closely misses you.
Casting: Freeze (safe; 4% risk of failure)
Confirm with . or Enter, or press ? or * to list all spells.
You don't have enough magic to cast this spell.
You hit the orc.
You kill the orc!
You see here 8 poisoned darts.
h - 8 poisoned darts You see here an orc corpse.
Found 6 gold pieces.
You now have 18 gold pieces (gained 6).
A kobold comes into view.
The kobold shouts!
A quokka comes into view.
Casting: Freeze (safe; 4% risk of failure)
Confirm with . or Enter, or press ? or * to list all spells.
Aiming: Freeze (safe; 4% risk of failure)
Press: ? - help, Shift-Dir - straight line, f - kobold
Aim: a kobold You freeze the kobold.
You kill the kobold!
Found 17 arrows.
You see here a kobold corpse.
A quokka comes into view.
Casting: Freeze (safe; 4% risk of failure)
Confirm with . or Enter, or press ? or * to list all spells.
Aiming: Freeze (safe; 4% risk of failure)
Press: ? - help, Shift-Dir - straight line, f - quokka
Aim: a quokka You freeze the quokka!
You kill the quokka!
Okay, then.
Sorry, you're not good enough to have a special ability.
Sorry, you're not good enough to have a special ability.
Unknown command.
You see here a quokka corpse.
You see here a kobold corpse.
Found a stone staircase leading up.
Casting: Freeze (safe; 4% risk of failure)
Confirm with . or Enter, or press ? or * to list all spells.
Aiming: Freeze (safe; 4% risk of failure)
Press: ? - help, Shift-Dir - straight line, f - quokka
Aim: a quokka You freeze the quokka.
The quokka is moderately wounded.
The quokka barely misses you.
Casting: Freeze (safe; 4% risk of failure)
Confirm with . or Enter, or press ? or * to list all spells.
Aiming: Freeze (safe; 4% risk of failure)
Press: ? - help, Shift-Dir - straight line, f/p - quokka
Aim: a quokka (moderately wounded)
You freeze the quokka.
You kill the quokka!
There is a stone staircase leading up here.
You climb upwards.
The hobgoblin shouts!
A rat, a hobgoblin and a kobold come into view.
The kobold shouts!
The kobold throws a stone.
The stone completely misses you.
A hobgoblin comes into view. It is wielding a +0 club.
The kobold throws a stone.
The stone hits you but does no damage.
Found a buckler and 13 gold pieces.
There is a stone staircase leading down here.
The kobold throws a stone.
The stone hits you but does no damage.
A kobold comes into view. It is wielding a +0 short sword.
The kobold shouts!
The kobold throws a stone.
The stone hits you.
* * * LOW HITPOINT WARNING * * *
The hobgoblin hits you with a +0 club.
You die...

########
.##......##
.K....g@.>#
.##......##
#......#
#..r...#
#..g...#
#...g.$#
#....K.#
#......#


You could see 3 hobgoblins, 2 kobolds and a rat.

Vanquished Creatures
  An orc (D:3)
  2 bats
  A giant cockroach (D:2)
  2 hobgoblins
  3 kobolds
  2 quokkas (D:3)
  A rat (D:2)
12 creatures vanquished.

Notes
Turn   | Place    | Note
-------+----------+-------------------------------------------
     0 | D:1      | EnegeticOcto the Halfling Ice Elementalist began the quest
                  | for the Orb.
     0 | D:1      | Reached XP level 1. HP: 11/11 MP: 3/3
    69 | D:2      | Reached XP level 2. HP: 10/17 MP: 1/4
   210 | D:2      | Slain by a hobgoblin

Illustrated notes

Levels and vault maps discovered:
D:1:      minmay_arrival_plants_in_alcoves, layout_basic
D:2:      layout_basic, old_standard_altar, lemuel_coloured_pillars_altar,
          old_standard_altar, uniq_jessica
D:3:      layout_loops_cross, serial_bayou_pond_d

Action                   || total
-------------------------++-------
Melee: Hand axe          ||    11
       Unarmed           ||     1
 Cast: Freeze            ||    15
 Stab: Sleeping          ||     1
Armor: Robe              ||    10
Dodge: Dodged            ||    29

Table legend: (Time is in decaauts)
 A = Elapsed time spent in this place.
 B = Non-inter-level travel time spent in this place.
 C = Inter-level travel time spent in this place.
 D = Time resting spent in this place.
 E = Time spent auto-exploring this place.
 F = Levels seen in this place.
 G = Mean time per level.
                   A        B        C        D        E       F      G
               +--------+--------+--------+--------+--------+-----+--------+
         Total |    212 |    205 |      7 |      0 |      0 |   3 |   70.7 |
       Dungeon |    212 |    205 |      7 |      0 |      0 |   3 |   70.7 |
               +--------+--------+--------+--------+--------+-----+--------+

Top non-repeatable levels by time:
     D:3: 83 daAuts
     D:2: 75 daAuts
     D:1: 54 daAuts
